3A
LAKE ERIE ARRYNS @ BELLEVILLE BULLS
08/17/2037
 
TOP OF THE 1ST
Lake Erie Arryns batting - Pitching for Belleville Bulls : LHP Manu Jortikka
Pitching: LHP Manu Jortikka
Batting: RHB Scot Roberts 0-0: Ground out 1-3 (Groundball, 13, EV 92.5 MPH)
Batting: RHB Adrian Chandler 0-0: Ball
1-0: Foul Ball, location: 2F
1-1: Ball
2-1: Foul Ball, location: 2F
2-2: Ball
3-2: Foul Ball, location: 2F
3-2: SINGLE (Groundball, 56S, EV 63.1 MPH) (infield hit)
Batting: RHB Juan Núñez 0-0: Foul Ball, location: 2F
0-1: Ball
1-1: Ball
2-1: Foul Ball, location: 2F
2-2: Strikes out swinging
Batting: RHB Wang Gai 0-0: Ball
1-0: Called Strike
Adrian Chandler steals 2nd base
1-1: Swinging Strike
1-2: Strikes out looking
Top of the 1st over - 0 runs, 1 hit, 0 errors, 1 left on base; Lake Erie 0 - Belleville 0
BOTTOM OF THE 1ST
Belleville Bulls batting - Pitching for Lake Erie Arryns : RHP Greg Hoover
Pitching: RHP Greg Hoover
Batting: RHB Rich Lucas 0-0: Called Strike
0-1: Ground out 4-3 (Groundball, 4, EV 76.9 MPH)
Batting: LHB Joaquín Vera 0-0: Ball
1-0: Ball
2-0: Ball
3-0: Foul Ball, location: 2F
3-1: SINGLE (Groundball, 4MD, EV 93.8 MPH)
Batting: LHB Jason Powell 0-0: Foul Ball, location: 2F
0-1: Swinging Strike
0-2: Ball
1-2: Strikes out swinging
Batting: RHB Spencer Wiggins 0-0: Ball
1-0: Ground out 4-3 (Groundball, 4D, EV 97.5 MPH)
Bottom of the 1st over - 0 runs, 1 hit, 0 errors, 1 left on base; Lake Erie 0 - Belleville 0
TOP OF THE 2ND
Lake Erie Arryns batting - Pitching for Belleville Bulls : LHP Manu Jortikka
Batting: RHB Ted Norman 0-0: Called Strike
0-1: Swinging Strike
0-2: Ground out 4-3 (Groundball, 4, EV 80.0 MPH)
Batting: RHB Nick Payne 0-0: Called Strike
0-1: Ball
1-1: Foul Ball, location: 2F
1-2: Strikes out looking
Batting: SHB Borisav Aleksic 0-0: Called Strike
0-1: Ball
1-1: Foul Ball, location: 2F
1-2: Foul Ball, location: 2F
1-2: Ball
2-2: Strikes out swinging
Top of the 2nd over - 0 runs, 0 hits, 0 errors, 0 left on base; Lake Erie 0 - Belleville 0
BOTTOM OF THE 2ND
Belleville Bulls batting - Pitching for Lake Erie Arryns : RHP Greg Hoover
Batting: RHB Hulama Yani 0-0: Ball
1-0: Fly out, F4 (Flyball, 4D, EV 80.6 MPH)
Batting: RHB Josh Iriarte 0-0: Ball
1-0: Ground out 5-3 (Groundball, 56, EV 85.0 MPH)
Batting: RHB Sean Urien 0-0: Ball
1-0: Foul Ball, location: 2F
1-1: Foul Ball, location: 2F
1-2: Strikes out looking
Bottom of the 2nd over - 0 runs, 0 hits, 0 errors, 0 left on base; Lake Erie 0 - Belleville 0
TOP OF THE 3RD
Lake Erie Arryns batting - Pitching for Belleville Bulls : LHP Manu Jortikka
Batting: RHB Beco Bnard 0-0: Ball
1-0: Foul Ball, location: 2F
1-1: Swinging Strike
1-2: Ball
2-2: Strikes out swinging
Batting: RHB Patrick Mildren 0-0: Ball
1-0: Called Strike
1-1: Ball
2-1: Swinging Strike
2-2: Foul Ball, location: 2F
2-2: Ball
3-2: Strikes out swinging
Batting: RHB Scot Roberts 0-0: Ball
1-0: Ground out 5-3 (Groundball, 5L, EV 83.8 MPH)
Top of the 3rd over - 0 runs, 0 hits, 0 errors, 0 left on base; Lake Erie 0 - Belleville 0
BOTTOM OF THE 3RD
Belleville Bulls batting - Pitching for Lake Erie Arryns : RHP Greg Hoover
Batting: RHB Aron Cruickshank 0-0: Fly out, F7 (Flyball, 78M, EV 81.9 MPH)
Batting: RHB Boyd Tholen 0-0: Called Strike
0-1: Foul Ball, location: 2F
0-2: Strikes out swinging
Batting: RHB Rich Lucas 0-0: Ball
1-0: Swinging Strike
1-1: Foul Ball, location: 2F
1-2: Strikes out swinging
Bottom of the 3rd over - 0 runs, 0 hits, 0 errors, 0 left on base; Lake Erie 0 - Belleville 0
TOP OF THE 4TH
Lake Erie Arryns batting - Pitching for Belleville Bulls : LHP Manu Jortikka
Batting: RHB Adrian Chandler 0-0: Foul Ball, location: 2F
0-1: Ball
1-1: Ball
2-1: Foul Ball, location: 2F
2-2: Ball
3-2: Foul Ball, location: 2F
3-2: Strikes out looking
Batting: RHB Juan Núñez 0-0: Ball
1-0: Ball
2-0: Called Strike
2-1: Swinging Strike
2-2: Strikes out swinging
Batting: RHB Wang Gai 0-0: Ball
1-0: Reached on error, E5 (Groundball, 5, EV 89.4 MPH)
Batting: RHB Ted Norman 0-0: SINGLE (Groundball, 5, EV 83.8 MPH) (infield hit)
Wang Gai to second
Batting: RHB Nick Payne 0-0: Called Strike
0-1: Foul Ball, location: 2F
0-2: Strikes out swinging
Top of the 4th over - 0 runs, 1 hit, 1 error, 2 left on base; Lake Erie 0 - Belleville 0
BOTTOM OF THE 4TH
Belleville Bulls batting - Pitching for Lake Erie Arryns : RHP Greg Hoover
Batting: LHB Joaquín Vera 0-0: Ball
1-0: Foul Ball, location: 2F
1-1: Fly out, F9 (Flyball, 9, EV 94.4 MPH)
Batting: LHB Jason Powell 0-0: Ball
1-0: Swinging Strike
1-1: Ground out 1-3 (Groundball, 34S, EV 93.8 MPH)
Batting: RHB Spencer Wiggins 0-0: Swinging Strike
0-1: Called Strike
0-2: Strikes out looking
Bottom of the 4th over - 0 runs, 0 hits, 0 errors, 0 left on base; Lake Erie 0 - Belleville 0
TOP OF THE 5TH
Lake Erie Arryns batting - Pitching for Belleville Bulls : LHP Manu Jortikka
Batting: SHB Borisav Aleksic 0-0: Called Strike
0-1: Ball
1-1: Ball
2-1: Foul Ball, location: 2F
2-2: Foul Ball, location: 2F
2-2: Strikes out swinging
Batting: RHB Beco Bnard 0-0: Ground out 1-3 (Groundball, 15, EV 66.9 MPH)
Batting: RHB Patrick Mildren 0-0: Called Strike
0-1: Ball
1-1: Reached on error, E6 (Groundball, 6, EV 93.1 MPH)
Batting: RHB Scot Roberts 0-0: Ball
1-0: Called Strike
1-1: Ball
2-1: Ball
3-1: Base on Balls
Patrick Mildren to second
Batting: RHB Adrian Chandler 0-0: Called Strike
0-1: Ball
1-1: Foul Ball, location: 2F
1-2: Strikes out swinging
Top of the 5th over - 0 runs, 0 hits, 1 error, 2 left on base; Lake Erie 0 - Belleville 0
BOTTOM OF THE 5TH
Belleville Bulls batting - Pitching for Lake Erie Arryns : RHP Greg Hoover
Batting: RHB Hulama Yani 0-0: Ball
1-0: SINGLE (Line Drive, 78M, EV 100.0 MPH)
Batting: RHB Josh Iriarte 0-0: Ball
1-0: Called Strike
1-1: Ball
Hulama Yani is caught stealing 2nd base 2-4
2-1: Ground out 5-3 (Groundball, 56, EV 78.1 MPH)
Batting: RHB Sean Urien 0-0: Ball
1-0: DOUBLE (Flyball, 89D, EV 92.5 MPH)
Batting: RHB Aron Cruickshank 0-0: Ball
1-0: Ball
2-0: Ground out 5-3 (Groundball, 56S, EV 88.1 MPH)
Bottom of the 5th over - 0 runs, 2 hits, 0 errors, 1 left on base; Lake Erie 0 - Belleville 0
TOP OF THE 6TH
Lake Erie Arryns batting - Pitching for Belleville Bulls : LHP Manu Jortikka
Pitching: RHP Jonathan Campbell
Batting: RHB Juan Núñez 0-0: Foul Ball, location: 2F
0-1: Called Strike
0-2: Foul Ball, location: 2F
0-2: Ball
1-2: SINGLE (Line Drive, 6D, EV 110.6 MPH)
Batting: RHB Wang Gai 0-0: Called Strike
0-1: Foul Ball, location: 2F
0-2: Ball
1-2: Fielders Choice at 2nd, 1-4 (Groundball, P, EV 79.4 MPH)
Batting: RHB Ted Norman 0-0: Called Strike
0-1: DOUBLE (Flyball, 8RD, EV 86.9 MPH)
Wang Gai to third
Batting: RHB Nick Payne 0-0: Called Strike
0-1: Ball
1-1: Ball
2-1: Foul Ball, location: 2F
2-2: Ball
3-2: Strikes out swinging
Batting: SHB Borisav Aleksic 0-0: Ball
1-0: Called Strike
1-1: Ball
2-1: Called Strike
2-2: Ball
3-2: Foul Ball, location: 2F
3-2: Ground out U3 (Groundball, 3L, EV 88.1 MPH)
Top of the 6th over - 0 runs, 2 hits, 0 errors, 2 left on base; Lake Erie 0 - Belleville 0
BOTTOM OF THE 6TH
Belleville Bulls batting - Pitching for Lake Erie Arryns : RHP Greg Hoover
Batting: RHB Boyd Tholen 0-0: Ball
1-0: Foul Ball, location: 2F
1-1: Ball
2-1: Foul Ball, location: 2F
2-2: Ball
3-2: Base on Balls
Batting: RHB Rich Lucas 0-0: Sac Bunt to 15S - play at first, batter OUT! 1-4
Boyd Tholen to second
Batting: LHB Joaquín Vera 0-0: Called Strike
0-1: Called Strike
0-2: Ground out 1-3 (Groundball, 13S, EV 69.4 MPH)
Boyd Tholen to third
Batting: LHB Jason Powell 0-0: Swinging Strike
0-1: Ball
1-1: Fly out, F7 (Flyball, 7D, EV 101.9 MPH)
Bottom of the 6th over - 0 runs, 0 hits, 0 errors, 1 left on base; Lake Erie 0 - Belleville 0
TOP OF THE 7TH
Lake Erie Arryns batting - Pitching for Belleville Bulls : RHP Jonathan Campbell
Batting: RHB Beco Bnard 0-0: Ball
1-0: Reached on error, E4 (Groundball, 34, EV 90.0 MPH)
Batting: RHB Patrick Mildren 0-0: Bunted foul
0-1: Bunted foul
0-2: Ball
1-2: Grounds into double play, 4-6-3 (Groundball, 4, EV 83.1 MPH)
Batting: RHB Scot Roberts 0-0: Called Strike
0-1: Ball
1-1: Foul Ball, location: 2F
1-2: Ball
2-2: Reached via error on a dropped throw from SS, E3 (Groundball, 6, EV 101.2 MPH)
Pitching: RHP Doug Burton
Batting: RHB Adrian Chandler 0-0: Ball
Wild Pitch!
Scot Roberts to second
1-0: Foul Ball, location: 2F
1-1: SINGLE (Groundball, 4, EV 90.6 MPH) (infield hit)
Scot Roberts to third
Batting: RHB Juan Núñez 0-0: Called Strike
0-1: Ball
1-1: Ball
2-1: Foul Ball, location: 2F
2-2: Strikes out swinging
Top of the 7th over - 0 runs, 1 hit, 2 errors, 2 left on base; Lake Erie 0 - Belleville 0
BOTTOM OF THE 7TH
Belleville Bulls batting - Pitching for Lake Erie Arryns : RHP Greg Hoover
Batting: RHB Spencer Wiggins 0-0: Ball
1-0: Ground out 1-3 (Groundball, 34S, EV 61.9 MPH)
Batting: RHB Hulama Yani 0-0: Called Strike
0-1: Foul Ball, location: 2F
0-2: Ball
1-2: Ground out 6-3 (Groundball, 6, EV 92.5 MPH)
Batting: RHB Josh Iriarte 0-0: Ball
1-0: Swinging Strike
1-1: Called Strike
1-2: Ball
2-2: Strikes out swinging
Bottom of the 7th over - 0 runs, 0 hits, 0 errors, 0 left on base; Lake Erie 0 - Belleville 0
TOP OF THE 8TH
Lake Erie Arryns batting - Pitching for Belleville Bulls : RHP Doug Burton
Batting: RHB Wang Gai 0-0: Ball
1-0: Ground out 5-3 (Groundball, 56, EV 88.8 MPH)
Batting: RHB Ted Norman 0-0: Called Strike
0-1: Foul Ball, location: 2F
0-2: Foul Ball, location: 2F
0-2: Ball
1-2: Strikes out swinging
Batting: RHB Nick Payne 0-0: SINGLE (Line Drive, 4M, EV 94.4 MPH)
Batting: SHB Borisav Aleksic 0-0: Ball
1-0: Ball
Nick Payne is caught stealing 2nd base 2-6
Top of the 8th over - 0 runs, 1 hit, 0 errors, 0 left on base; Lake Erie 0 - Belleville 0
BOTTOM OF THE 8TH
Belleville Bulls batting - Pitching for Lake Erie Arryns : RHP Greg Hoover
Batting: RHB Sean Urien 0-0: Foul Ball, location: 2F
0-1: Swinging Strike
0-2: Ball
1-2: Strikes out looking
Batting: RHB Aron Cruickshank 0-0: Called Strike
0-1: Ball
1-1: Swinging Strike
1-2: Strikes out looking
Batting: RHB Boyd Tholen 0-0: Called Strike
0-1: SINGLE (Groundball, 56D, EV 95.6 MPH)
Batting: RHB Rich Lucas 0-0: Ball
1-0: Called Strike
1-1: Called Strike
1-2: Ball
2-2: DOUBLE (Flyball, 8RXD, EV 90.0 MPH)
Boyd Tholen to third
Runner from 3rd tries for Home, SAFE, throw by CF to home
Batting: LHB Joaquín Vera 0-0: Swinging Strike
0-1: Ball
1-1: Swinging Strike
1-2: Strikes out swinging
Bottom of the 8th over - 1 run, 2 hits, 0 errors, 1 left on base; Lake Erie 0 - Belleville 1
TOP OF THE 9TH
Lake Erie Arryns batting - Pitching for Belleville Bulls : RHP Doug Burton
Pitching: RHP Bobby Martin
Batting: SHB Borisav Aleksic 0-0: Ball
1-0: Called Strike
1-1: Ground out U3 (Groundball, 3L, EV 78.1 MPH)
Pinch Hitting: RHB Mike Branch 0-0: Ball
1-0: Ground out 6-3 (Groundball, 6, EV 87.5 MPH)
Pinch Hitting: RHB Adrián Xirau 0-0: Called Strike
0-1: Called Strike
0-2: Ball
1-2: Ball
2-2: SINGLE (Groundball, 6MD, EV 99.4 MPH)
Batting: RHB Scot Roberts 0-0: Called Strike
0-1: Called Strike
0-2: Ball
1-2: Strikes out swinging
Top of the 9th over - 0 runs, 1 hit, 0 errors, 1 left on base; Lake Erie 0 - Belleville 1
Thursday, January 23rd, 2020 - OOTP Baseball 20.8 Build 74